TOP OF THE 1ST |
Great Lakes Loons batting - Pitching for Hartford Yard Goats : RHP Tsuneyoshi Kubo
|
Pitching: RHP Tsuneyoshi Kubo
|
|
Batting: LHB Nate Kee
|
0-0: Ground out 6-3 (Groundball, 6, EV 89.4 MPH)
|
Batting: LHB Tore Bosch
|
0-0: Ground out 6-3 (Groundball, 6, EV 84.4 MPH)
|
Batting: LHB Jesus Ramirez
|
0-0: Called Strike 0-1: Ball 1-1: Swinging Strike 1-2: Ball 2-2: Foul Ball, location: 2F 2-2: Ground out 6-3 (Groundball, 6M, EV 102.5 MPH)
|
Top of the 1st over - 0 runs, 0 hits, 0 errors, 0 left on base; Great Lakes 0 - Hartford 0 |
BOTTOM OF THE 1ST |
Hartford Yard Goats batting - Pitching for Great Lakes Loons : RHP Derek Ziolkowski
|
Pitching: RHP Derek Ziolkowski
|
|
Batting: LHB Nick Martin
|
0-0: Foul Ball, location: 2F 0-1: Ball 1-1: SINGLE (Groundball, 6D, EV 97.5 MPH)
|
Batting: LHB Daniel Green
|
0-0: Ball Nick Martin is caught stealing 2nd base 2-6 1-0: Called Strike 1-1: Swinging Strike 1-2: Foul Ball, location: 2F 1-2: Ball 2-2: Foul Ball, location: 2F 2-2: Ball 3-2: Foul Ball, location: 2F 3-2: Base on Balls
|
Batting: RHB Ray Insley
|
0-0: Ball Daniel Green is caught stealing 2nd base 2-4 1-0: Ground out 5-3 (Groundball, 56S, EV 67.5 MPH)
|
Bottom of the 1st over - 0 runs, 1 hit, 0 errors, 0 left on base; Great Lakes 0 - Hartford 0 |
TOP OF THE 2ND |
Great Lakes Loons batting - Pitching for Hartford Yard Goats : RHP Tsuneyoshi Kubo
|
Batting: SHB Xavier Alaniz
|
0-0: Fly out, F9 (Flyball, 9LSF, EV 79.4 MPH)
|
Batting: RHB Javier Solis
|
0-0: Ball 1-0: Fly out, F7 (Line Drive, 7, EV 85.6 MPH)
|
Batting: LHB Jim Jardine
|
0-0: Called Strike 0-1: Foul Ball, location: 2F 0-2: Strikes out looking
|
Top of the 2nd over - 0 runs, 0 hits, 0 errors, 0 left on base; Great Lakes 0 - Hartford 0 |
BOTTOM OF THE 2ND |
Hartford Yard Goats batting - Pitching for Great Lakes Loons : RHP Derek Ziolkowski
|
Batting: RHB T.J. Williams
|
0-0: Ground out 4-3 (Groundball, 4, EV 91.9 MPH)
|
Batting: RHB Matviy Oliynyk
|
0-0: Ball 1-0: Ball 2-0: Foul Ball, location: 2F 2-1: Foul Ball, location: 2F 2-2: Ball 3-2: Ground out 6-3 (Groundball, 6M, EV 80.0 MPH)
|
Batting: LHB Harry Folsom
|
0-0: Ball 1-0: Called Strike 1-1: Foul Ball, location: 2F 1-2: Ball 2-2: Foul Ball, location: 2F 2-2: Ball 3-2: Base on Balls
|
Batting: LHB Jason Ryan
|
0-0: Called Strike 0-1: Swinging Strike 0-2: Ball 1-2: Foul Ball, location: 2F 1-2: Foul Ball, location: 2F 1-2: Strikes out swinging
|
Bottom of the 2nd over - 0 runs, 0 hits, 0 errors, 1 left on base; Great Lakes 0 - Hartford 0 |
TOP OF THE 3RD |
Great Lakes Loons batting - Pitching for Hartford Yard Goats : RHP Tsuneyoshi Kubo
|
Batting: RHB Steve Clark
|
0-0: Foul Ball, location: 2F 0-1: Called Strike 0-2: Ball 1-2: SOLO HOME RUN (Flyball, 7D, EV 100.6 MPH), Distance : 380 ft
|
Batting: RHB Ruben Serrata
|
0-0: Ground out 5-3 (Groundball, 56S, EV 82.5 MPH)
|
Batting: RHB Jason Baldwin
|
0-0: Called Strike 0-1: Swinging Strike 0-2: Ball 1-2: SINGLE (Groundball, 6MD, EV 97.5 MPH)
|
Batting: LHB Nate Kee
|
0-0: Called Strike 0-1: Ball Jason Baldwin steals 2nd base 1-1: Ball 2-1: Ground out 4-3 (Groundball, 4, EV 90.0 MPH) Jason Baldwin to third
|
Batting: LHB Tore Bosch
|
0-0: SINGLE (Groundball, 4MD, EV 111.9 MPH) Jason Baldwin scores
|
Batting: LHB Jesus Ramirez
|
0-0: Called Strike 0-1: Ball 1-1: Fly out, F9 (Line Drive, 9S, EV 90.6 MPH)
|
Top of the 3rd over - 2 runs, 3 hits, 0 errors, 1 left on base; Great Lakes 2 - Hartford 0 |
BOTTOM OF THE 3RD |
Hartford Yard Goats batting - Pitching for Great Lakes Loons : RHP Derek Ziolkowski
|
Batting: LHB Tom Bemis
|
0-0: Fly out, F8 (Flyball, 8RD, EV 103.8 MPH)
|
Batting: RHB Bob Hayes
|
0-0: Swinging Strike 0-1: Foul Ball, location: 2F 0-2: Ball 1-2: Strikes out swinging
|
Batting: LHB Nick Martin
|
0-0: Ball 1-0: Ball 2-0: Foul Ball, location: 2F 2-1: Swinging Strike 2-2: Ball 3-2: Fly out, F9 (Flyball, 9D, EV 96.2 MPH)
|
Bottom of the 3rd over - 0 runs, 0 hits, 0 errors, 0 left on base; Great Lakes 2 - Hartford 0 |
TOP OF THE 4TH |
Great Lakes Loons batting - Pitching for Hartford Yard Goats : RHP Tsuneyoshi Kubo
|
Batting: SHB Xavier Alaniz
|
0-0: Fly out, F9 (Flyball, 9LD, EV 108.1 MPH)
|
Batting: RHB Javier Solis
|
0-0: Ball 1-0: Foul Ball, location: 2F 1-1: Fly out, F9 (Flyball, 9D, EV 100.6 MPH)
|
Batting: LHB Jim Jardine
|
0-0: Called Strike 0-1: Ball 1-1: Foul Ball, location: 2F 1-2: Ground out 5-3 (Groundball, 6S, EV 91.2 MPH)
|
Top of the 4th over - 0 runs, 0 hits, 0 errors, 0 left on base; Great Lakes 2 - Hartford 0 |
BOTTOM OF THE 4TH |
Hartford Yard Goats batting - Pitching for Great Lakes Loons : RHP Derek Ziolkowski
|
Batting: LHB Daniel Green
|
0-0: Ball 1-0: Ball 2-0: SOLO HOME RUN (Flyball, 9LD, EV 93.8 MPH), Distance : 352 ft
|
Batting: RHB Ray Insley
|
0-0: Ball 1-0: Ball 2-0: Ball 3-0: Base on Balls
|
Batting: RHB T.J. Williams
|
0-0: Called Strike 0-1: Ball 1-1: Called Strike 1-2: Ball 2-2: Ball 3-2: Strikes out swinging
|
Batting: RHB Matviy Oliynyk
|
0-0: Swinging Strike 0-1: SINGLE (Groundball, 4MD, EV 106.9 MPH) Ray Insley to second
|
Batting: LHB Harry Folsom
|
0-0: Ball 1-0: Called Strike 1-1: Ball Ray Insley is caught stealing 3rd base 2-5 2-1: Swinging Strike 2-2: Foul Ball, location: 2F 2-2: DOUBLE (Line Drive, 89D, EV 101.9 MPH) Matviy Oliynyk to third
|
Batting: LHB Jason Ryan
|
0-0: Ball 1-0: Called Strike 1-1: Foul Ball, location: 2F 1-2: SINGLE (Groundball, 4S, EV 95.0 MPH) Matviy Oliynyk scores Harry Folsom to third Runner from 3rd tries for Home, SAFE, throw by CF to home
|
Batting: LHB Tom Bemis
|
0-0: Ball 1-0: Called Strike 1-1: Ball 2-1: Fielders Choice at 2nd, U6 (Groundball, 4, EV 86.9 MPH)
|
Bottom of the 4th over - 3 runs, 4 hits, 0 errors, 1 left on base; Great Lakes 2 - Hartford 3 |
TOP OF THE 5TH |
Great Lakes Loons batting - Pitching for Hartford Yard Goats : RHP Tsuneyoshi Kubo
|
Batting: RHB Steve Clark
|
0-0: Called Strike 0-1: Fly out, F8 (Line Drive, 8RM, EV 90.0 MPH)
|
Batting: RHB Ruben Serrata
|
0-0: Swinging Strike 0-1: Foul Ball, location: 2F 0-2: Ball 1-2: Foul Ball, location: 2F 1-2: Ball 2-2: Ball 3-2: Foul Ball, location: 2F 3-2: Base on Balls
|
Batting: RHB Jason Baldwin
|
0-0: Fly out, F9 (Flyball, 9S, EV 88.8 MPH)
|
Batting: LHB Nate Kee
|
0-0: Swinging Strike 0-1: Ball 1-1: Ball 2-1: Foul Ball, location: 2F 2-2: Foul Ball, location: 2F 2-2: Ball 3-2: DOUBLE (Flyball, 8LXD, EV 102.5 MPH) Ruben Serrata to third Ruben Serrata scores
|
Batting: LHB Tore Bosch
|
0-0: Called Strike 0-1: Ball 1-1: Ball 2-1: Ground out 4-3 (Groundball, 4M, EV 87.5 MPH)
|
Top of the 5th over - 1 run, 1 hit, 0 errors, 1 left on base; Great Lakes 3 - Hartford 3 |
BOTTOM OF THE 5TH |
Hartford Yard Goats batting - Pitching for Great Lakes Loons : RHP Derek Ziolkowski
|
Batting: RHB Bob Hayes
|
0-0: Called Strike 0-1: Foul Ball, location: 2F 0-2: Strikes out swinging
|
Batting: LHB Nick Martin
|
0-0: Called Strike 0-1: Ball 1-1: Called Strike 1-2: Ball 2-2: Strikes out swinging
|
Batting: LHB Daniel Green
|
0-0: Called Strike 0-1: Ball 1-1: Fly out, F7 (Flyball, 78S, EV 84.4 MPH)
|
Bottom of the 5th over - 0 runs, 0 hits, 0 errors, 0 left on base; Great Lakes 3 - Hartford 3 |
TOP OF THE 6TH |
Great Lakes Loons batting - Pitching for Hartford Yard Goats : RHP Tsuneyoshi Kubo
|
Batting: LHB Jesus Ramirez
|
0-0: Called Strike 0-1: SINGLE (Groundball, 34D, EV 98.1 MPH)
|
Batting: SHB Xavier Alaniz
|
0-0: SINGLE (Groundball, 4D, EV 101.9 MPH) Jesus Ramirez to second Runner from 2nd tries for 3rd, SAFE, throw by CF made to third Xavier Alaniz to second
|
Batting: RHB Javier Solis
|
0-0: Ground out 6-3 (Groundball, 6, EV 98.1 MPH) Jesus Ramirez scores
|
Batting: LHB Jim Jardine
|
0-0: Ball 1-0: Foul Ball, location: 2F 1-1: Fly out, F8 (Flyball, 8LM, EV 83.8 MPH)
|
Batting: RHB Steve Clark
|
0-0: Ball 1-0: Called Strike 1-1: Foul Ball, location: 2F 1-2: DOUBLE (Flyball, 8RXD, EV 89.4 MPH) Xavier Alaniz scores
|
Pitching: RHP Lorenzo Pacheco
|
|
Batting: RHB Ruben Serrata
|
0-0: Ball 1-0: Called Strike 1-1: Swinging Strike 1-2: Ground out 5-3 (Groundball, 56S, EV 84.4 MPH)
|
Top of the 6th over - 2 runs, 3 hits, 0 errors, 1 left on base; Great Lakes 5 - Hartford 3 |
BOTTOM OF THE 6TH |
Hartford Yard Goats batting - Pitching for Great Lakes Loons : RHP Derek Ziolkowski
|
Pitching: RHP Gabe Pomales
|
|
Batting: RHB Ray Insley
|
0-0: Called Strike 0-1: Ball 1-1: Ball 2-1: Called Strike 2-2: Strikes out swinging
|
Batting: RHB T.J. Williams
|
0-0: Called Strike 0-1: Swinging Strike 0-2: Ball 1-2: Ball 2-2: SINGLE (Groundball, 56D, EV 110.6 MPH)
|
Batting: RHB Matviy Oliynyk
|
0-0: SINGLE (Flyball, 78S, EV 93.1 MPH) T.J. Williams to second
|
Batting: LHB Harry Folsom
|
0-0: Called Strike 0-1: Ball 1-1: Fielders Choice at 2nd, 4-6 (Groundball, 13, EV 79.4 MPH) T.J. Williams to third
|
Batting: LHB Jason Ryan
|
0-0: Called Strike Harry Folsom steals 2nd base 0-1: Ball 1-1: Fly out, F9 (Flyball, 9, EV 78.8 MPH)
|
Bottom of the 6th over - 0 runs, 2 hits, 0 errors, 2 left on base; Great Lakes 5 - Hartford 3 |
TOP OF THE 7TH |
Great Lakes Loons batting - Pitching for Hartford Yard Goats : RHP Lorenzo Pacheco
|
Batting: RHB Jason Baldwin
|
0-0: SINGLE (Groundball, 34D, EV 96.2 MPH)
|
Batting: LHB Nate Kee
|
0-0: Called Strike 0-1: Ball 1-1: Swinging Strike 1-2: Strikes out looking
|
Batting: LHB Tore Bosch
|
0-0: Foul Ball, location: 2F 0-1: Ball Jason Baldwin steals 2nd, throwing error, E2 Jason Baldwin to third 1-1: Ball 2-1: SINGLE (Groundball, 6D, EV 100.0 MPH) Jason Baldwin scores
|
Batting: LHB Jesus Ramirez
|
0-0: Fly out, F4 (Popup, 4D, EV 53.8 MPH)
|
Batting: SHB Xavier Alaniz
|
0-0: Fielders Choice at 2nd, 5-6 (Groundball, 6, EV 100.0 MPH)
|
Top of the 7th over - 1 run, 2 hits, 1 error, 1 left on base; Great Lakes 6 - Hartford 3 |
BOTTOM OF THE 7TH |
Hartford Yard Goats batting - Pitching for Great Lakes Loons : RHP Gabe Pomales
|
Batting: LHB Tom Bemis
|
0-0: Ball 1-0: Swinging Strike 1-1: Swinging Strike 1-2: Strikes out swinging
|
Batting: RHB Bob Hayes
|
0-0: Ball 1-0: Called Strike 1-1: Ground out 6-3 (Groundball, 6S, EV 90.0 MPH)
|
Batting: LHB Nick Martin
|
0-0: Called Strike 0-1: Ball 1-1: Ball 2-1: SOLO HOME RUN (Line Drive, 9D, EV 105.6 MPH), Distance : 386 ft
|
Batting: LHB Daniel Green
|
0-0: Called Strike 0-1: Ball 1-1: Swinging Strike 1-2: Ball 2-2: Foul Ball, location: 2F 2-2: Foul Ball, location: 2F 2-2: Foul Ball, location: 2F 2-2: Foul Ball, location: 2F 2-2: Strikes out looking
|
Bottom of the 7th over - 1 run, 1 hit, 0 errors, 0 left on base; Great Lakes 6 - Hartford 4 |
TOP OF THE 8TH |
Great Lakes Loons batting - Pitching for Hartford Yard Goats : RHP Lorenzo Pacheco
|
Pitching: RHP Ricardo Roman
|
|
Batting: RHB Javier Solis
|
0-0: Ball 1-0: Called Strike 1-1: Foul Ball, location: 2F 1-2: Ball 2-2: Ground out 6-3 (Groundball, 6, EV 88.1 MPH)
|
Batting: LHB Jim Jardine
|
0-0: Called Strike 0-1: Ball 1-1: Ball 2-1: Swinging Strike 2-2: Ball 3-2: Foul Ball, location: 2F 3-2: Strikes out swinging
|
Batting: RHB Steve Clark
|
0-0: Foul Ball, location: 2F 0-1: Swinging Strike 0-2: Strikes out swinging
|
Top of the 8th over - 0 runs, 0 hits, 0 errors, 0 left on base; Great Lakes 6 - Hartford 4 |
BOTTOM OF THE 8TH |
Hartford Yard Goats batting - Pitching for Great Lakes Loons : RHP Gabe Pomales
|
Pitching: RHP Matt Hager
|
|
Now in LF: Justin Curran
|
|
Batting: RHB Ray Insley
|
0-0: Ball 1-0: Called Strike 1-1: Ground out 6-3 (Groundball, 6, EV 88.8 MPH)
|
Batting: RHB T.J. Williams
|
0-0: Ball 1-0: Swinging Strike 1-1: Ball 2-1: Ball 3-1: DOUBLE (Groundball, 5L, EV 106.2 MPH)
|
Batting: RHB Matviy Oliynyk
|
0-0: Foul Ball, location: 2F 0-1: Ball 1-1: Foul Ball, location: 2F 1-2: SINGLE (Groundball, 6D, EV 108.1 MPH) T.J. Williams to third Runner from 3rd tries for Home, throw by CF and OUT! 8-2
|
Batting: LHB Harry Folsom
|
0-0: Ball 1-0: Called Strike 1-1: Foul Ball, location: 2F 1-2: Strikes out looking
|
Bottom of the 8th over - 0 runs, 2 hits, 0 errors, 1 left on base; Great Lakes 6 - Hartford 4 |
TOP OF THE 9TH |
Great Lakes Loons batting - Pitching for Hartford Yard Goats : RHP Ricardo Roman
|
Pitching: RHP Curt De Kock
|
|
Batting: RHB Ruben Serrata
|
0-0: Ball 1-0: Foul Ball, location: 2F 1-1: Ground out 6-3 (Groundball, 6, EV 89.4 MPH)
|
Batting: RHB Jason Baldwin
|
0-0: Ball 1-0: Fly out, F8 (Flyball, 78M, EV 78.8 MPH)
|
Batting: LHB Nate Kee
|
0-0: Ball 1-0: Fly out, F9 (Line Drive, 9D, EV 91.2 MPH)
|
Top of the 9th over - 0 runs, 0 hits, 0 errors, 0 left on base; Great Lakes 6 - Hartford 4 |
BOTTOM OF THE 9TH |
Hartford Yard Goats batting - Pitching for Great Lakes Loons : RHP Matt Hager
|
Pitching: RHP Adonis Loyd
|
|
Batting: LHB Jason Ryan
|
0-0: Called Strike 0-1: Ball 1-1: Foul Ball, location: 2F 1-2: Ball 2-2: Ball 3-2: DOUBLE (Line Drive, 78XD, EV 101.9 MPH)
|
Batting: LHB Tom Bemis
|
0-0: Ball 1-0: Called Strike 1-1: Called Strike 1-2: Strikes out swinging
|
Batting: RHB Bob Hayes
|
0-0: Called Strike 0-1: Ball 1-1: Ball 2-1: DOUBLE (Line Drive, 89XD, EV 103.1 MPH) Jason Ryan scores
|
Batting: LHB Nick Martin
|
0-0: Called Strike 0-1: Called Strike 0-2: SINGLE (Groundball, 56D, EV 103.1 MPH) Bob Hayes to third Runner from 3rd tries for Home, SAFE, throw by LF to home Nick Martin to second
|
Batting: LHB Daniel Green
|
0-0: Foul Ball, location: 2F 0-1: Called Strike 0-2: Ball 1-2: Ball 2-2: Fly out, F8 (Line Drive, 8LD, EV 94.4 MPH)
|
Batting: RHB Ray Insley
|
0-0: Ball 1-0: Called Strike 1-1: Fly out, F8 (Flyball, 8RM, EV 99.4 MPH)
|
Bottom of the 9th over - 2 runs, 3 hits, 0 errors, 1 left on base; Great Lakes 6 - Hartford 6 |
TOP OF THE 10TH |
Great Lakes Loons batting - Pitching for Hartford Yard Goats : RHP Curt De Kock
|
Pitching: RHP Travis Palmisano
|
|
Batting: LHB Tore Bosch
|
0-0: Ball 1-0: Foul Ball, location: 2F 1-1: Ball 2-1: Ball 3-1: Base on Balls
|
Batting: LHB Jesus Ramirez
|
0-0: Foul Ball, location: 2F 0-1: Swinging Strike 0-2: Ball 1-2: Ball 2-2: Foul Ball, location: 2F 2-2: Foul Ball, location: 2F 2-2: Ground out 4-3 (Groundball, 34D, EV 92.5 MPH) Tore Bosch to second
|
Batting: SHB Xavier Alaniz
|
0-0: Ball 1-0: Called Strike 1-1: Ball 2-1: Foul Ball, location: 2F 2-2: Strikes out swinging
|
Batting: RHB Javier Solis
|
0-0: Ground out 6-3 (Groundball, 6, EV 80.0 MPH)
|
Top of the 10th over - 0 runs, 0 hits, 0 errors, 1 left on base; Great Lakes 6 - Hartford 6 |
BOTTOM OF THE 10TH |
Hartford Yard Goats batting - Pitching for Great Lakes Loons : RHP Adonis Loyd
|
Pitching: RHP Cameron Williams
|
|
Batting: RHB T.J. Williams
|
0-0: Swinging Strike 0-1: Ball 1-1: Ground out U3 (Groundball, 3, EV 88.1 MPH)
|
Batting: RHB Matviy Oliynyk
|
0-0: Called Strike 0-1: Swinging Strike 0-2: Ball 1-2: Ball 2-2: Ball 3-2: SINGLE (Groundball, 34D, EV 95.6 MPH)
|
DELAY
|
Rain delay of 30 minutes in the 10th inning.
|
Batting: LHB Harry Folsom
|
0-0: DOUBLE (Line Drive, 9LM, EV 114.4 MPH) Matviy Oliynyk to third Runner from 3rd tries for Home, SAFE, throw by RF to home
|
Bottom of the 10th over - 1 run, 2 hits, 0 errors, 1 left on base; Great Lakes 6 - Hartford 7 |
|